 Dungeon Crawl Stone Soup version 0.17-a0-2122-g03d97ec (webtiles) character file.

1082 4thArraOfDagon the Cleaver (level 8, -1/71 HPs)
             Began as a Minotaur Fighter on Oct 21, 2015.
             Was a Follower of Makhleb.
             Slain by an orc warrior
             ... wielding a +0 long sword
              (3 damage)
             ... on level 1 of the Orcish Mines.
             The game lasted 00:07:58 (1278 turns).

4thArraOfDagon the Cleaver (Minotaur Fighter)       Turns: 1278, Time: 00:07:58

Health: -1/71      AC: 11    Str: 22    XL:     8   Next: 8%
Magic:  7/7        EV:  5    Int:  7    God:    Makhleb [*.....]
Gold:   192        SH:  9    Dex:  9    Spells: 0 memorised, 7 levels left

rFire  . . .     SeeInvis +     a - +0 war axe
rCold  . . .     Clarity  .     m - +0 chain mail
rNeg   . . .     SustAt   .     c - +0 shield
rPois  .         Gourm    .     (helmet restricted)
rElec  .         Spirit   .     t - +0 cloak {MR+}
rCorr  .         Warding  .     (no gloves)
rMut   .         Stasis   .     (no boots)
MR     +....                    (no amulet)
Stlth  ..........               (no ring)
                                x - ring of see invisible

@: somewhat resistant to hostile enchantments, extremely unstealthy
A: retaliatory headbutt, horns 2
a: Renounce Religion


You were on level 1 of the Orcish Mines.
You worshipped Makhleb.
Makhleb was aware of your devotion.
You were not hungry.

You visited 4 branches of the dungeon, and saw 12 of its levels.

You collected 192 gold pieces.

Inventory:

Hand Weapons
 a - a +0 war axe (weapon)
Armour
 c - a +0 shield (worn)
 m - a +0 chain mail (worn)
 r - a +0 plate armour
 t - a +0 cloak of magic resistance (worn)
 u - the +2 robe of the Dwarven Hall {Int+6 Dex+2, unknown}
   (You found it on level 8 of the Dungeon)

   It affects your intelligence (+6).
   It affects your dexterity (+2).
Jewellery
 p - an uncursed amulet of resist corrosion
 x - a ring of see invisible (left hand)
Scrolls
 b - a scroll of magic mapping {unknown}
 d - a scroll of teleportation {unknown}
 l - 3 scrolls of remove curse
 n - a scroll of blinking {unknown}
 q - 2 scrolls of enchant weapon {unknown}
 v - a scroll of fog {unknown}
 w - a scroll of amnesia
Potions
 h - a potion of magic
 k - a potion of ambrosia
 o - a potion of degeneration
 s - 3 potions of resistance
Books
 i - a book of Ice

   Spells                             Type                      Level
   a - Ice Form                       Ice/Transmutation            4
   b - Metabolic Englaciation         Hexes/Ice                    5
   c - Ozocubu's Refrigeration        Ice                          6
   d - Bolt of Cold                   Conjuration/Ice              6
   e - Freezing Cloud                 Conjuration/Ice/Air          6
   f - Simulacrum                     Ice/Necromancy               6
Comestibles
 e - a bread ration
 f - 2 meat rations
 g - 3 chunks of flesh


   Skills:
 + Level 6.5 Fighting
 * Level 8.3 Axes
 + Level 7.0 Armour
 - Level 3.6 Shields


You had 7 spell levels left.
You didn't know any spells.

Dungeon Overview and Level Annotations

Branches:
Dungeon (9/15)             Temple (1/1) D:6            Lair (1/8) D:8
    Orc (1/4) D:9

Altars:
Ashenzari
Cheibriados
Elyvilon
Fedhas
Gozag
Kikubaaqudgha
Makhleb
Nemelex Xobeh
Okawaru
Qazlal
Ru
Sif Muna
Trog
Vehumet
Xom
Yredelemnul
Zin
The Shining One
Beogh

Shops:
D:7 }

Annotations:
D:6 1 runed door


Innate Abilities, Weirdness & Mutations

You reflexively headbutt those who attack you in melee.
You have a pair of horns on your head.


Message History

The orc hits you with a hand axe.
* * * LOW HITPOINT WARNING * * *
The orc warrior hits you with a long sword!
* * * LOW HITPOINT WARNING * * *
The orc hits you but does no damage. The orc hits you.
* * * LOW HITPOINT WARNING * * *
An orc sorcerer comes into view. It is wielding a dagger.
Unknown command.
You closely miss the orc warrior.
The orc warrior is lightly wounded.
The orc sorcerer shouts!
You hit the orc.
The orc is almost dead.
You closely miss the orc. You hit the orc.
You kill the orc!
Makhleb accepts your kill. The orc hits you with a hand axe.
* * * LOW HITPOINT WARNING * * *
The orc warrior hits you with a long sword.
You die...

...#...##
.......#
.......##
........#
##...$.... .
$.......#
....###))....#
......o@o...#
......o))..##
###$.....###
###...## ..o..
....o.


oo..... ......... You could see an orc knight, an orc sorcerer, 2 orc warriors,
an orc wizard and 2 orcs.

Vanquished Creatures
  A soldier ant (D:6)
  An orc warrior (D:9)
  A sky beast (D:5)
  An ogre (D:9)
  A giant frog (D:6)
  A scorpion (D:6)
  A killer bee (D:6)
  An iguana (D:5)
  A jelly (D:6)
  3 orc priests
  3 orc wizards
  8 worker ants
  2 hound skeletons
  3 gnolls (D:7)
  2 giant geckos
  16 orcs
  2 bats
  7 giant cockroaches
  8 hobgoblins
  7 jackals
  A quokka (D:3)
  A ball python (D:4)
  A giant gecko zombie (D:8)
  2 giant newts (D:3)
  3 goblins
  A kobold (D:3)
  A quokka zombie (D:9)
  3 rats
83 creatures vanquished.

Notes
Turn   | Place    | Note
--------------------------------------------------------------
     0 | D:1      | 4thArraOfDagon the Minotaur Fighter began the quest for the Orb.
     0 | D:1      | Reached XP level 1. HP: 19/19 MP: 0/0
    73 | D:2      | Reached XP level 2. HP: 27/27 MP: 1/1
    88 | D:2      | Reached skill level 4 in Armour
   193 | D:2      | Reached XP level 3. HP: 28/33 MP: 2/2
   372 | D:4      | Reached XP level 4. HP: 32/40 MP: 3/3
   430 | D:4      | Reached XP level 5. HP: 24/47 MP: 4/4
   474 | D:5      | Entered Level 5 of the Dungeon
   474 | D:5      | Noticed a sky beast
   478 | D:5      | Killed a sky beast
   478 | D:5      | Reached skill level 5 in Axes
   478 | D:5      | Reached skill level 5 in Armour
   488 | D:5      | Reached skill level 5 in Fighting
   495 | D:5      | Reached XP level 6. HP: 28/56 MP: 5/5
   566 | D:7      | free slime rune
   594 | D:7      | Reached skill level 6 in Axes
   625 | D:7      | Found Keam's Gadget Shoppe.
   672 | D:6      | Found a staircase to the Ecumenical Temple.
   677 | Temple   | Entered the Ecumenical Temple
   684 | Temple   | Became a worshipper of Makhleb the Destroyer
   717 | D:6      | Found a runed door.
   720 | D:6      | Found a runed door.
   720 | D:6      | Noticed a soldier ant
   733 | D:6      | Reached XP level 7. HP: 40/61 MP: 6/6
   740 | D:6      | Reached skill level 7 in Axes
   748 | D:6      | Killed a soldier ant
  1038 | D:8      | Got a tattered robe
  1046 | D:8      | Reached * piety under Makhleb
  1051 | D:8      | Found a staircase to the Lair.
  1070 | Lair:1   | Entered Level 1 of the Lair of Beasts
  1195 | D:9      | Found a staircase to the Orcish Mines.
  1236 | Orc:1    | Entered Level 1 of the Orcish Mines
  1240 | D:9      | Reached skill level 8 in Axes
  1241 | D:9      | Reached XP level 8. HP: 71/71 MP: 7/7
  1244 | D:9      | Found a roughly hewn altar of Beogh.
  1275 | Orc:1    | Noticed an orc knight
  1278 | Orc:1    | Noticed an orc sorcerer
  1278 | Orc:1    | HP: 2/71 [orc/hand axe (4)]
  1278 | Orc:1    | Slain by an orc warrior

Vault maps used:
D:1:      eino_arrival_tree_alley
D:3:      first_bread, st_stairs_1
D:4:      serial_shops, nicolae_shop_competitors_out_of_business
D:5:      uniq_crazy_yiuf_cottage
D:6:      lemuel_insect_pit, minmay_temple_entry_butterflies
D:7:      minmay_opposing_rooms, serial_shops, kennysheep_mini
D:8:      lair_0_dummy
D:9:      grunt_dithmenos_shadows, minmay_orc_entry_temple_small
Temple:   nicolae_temple_no_exploring_needed
Lair:1:   portal_ice_cave_entry_pillars_02, serial_bayou_pond_d,
          grunt_megastairs_4, infiniplex_staircase_pool_2
Orc:1:    serial_shops, shop

Action                   |  1- 3 |  4- 6 |  7- 9 || total
-------------------------+-------+-------+-------++-------
Melee: War axe           |    61 |    80 |    58 ||   199
  Use: Potion            |       |     5 |     1 ||     6
       Scroll            |       |     5 |     3 ||     8
  Eat: Chunk             |       |       |     2 ||     2
